[ AOE2 MATCH · #481888021 ]
UnrankedSlavs vs Wu
Player's team · LOSS
[ REPLAY ANALYSIS · EXTRACTED FROM THE RECORDED GAME ]
Feudal
12:10
Castle
—
Imperial
—
| APM avg | 29.0 |
| APM peak | 57 |
| eAPM avg | 15.6 |
| Villagers / military | 58 / 11 |
Focus
⚔️ 35.3% · 🌾 64.7%
Archer ×6 · Spearman ×5
Feudal
13:36
Castle
—
Imperial
—
| APM avg | 33.9 |
| APM peak | 136 |
| eAPM avg | 17.4 |
| Villagers / military | 53 / 4 |
Focus
⚔️ 33.5% · 🌾 66.5%
Archer ×2 · Spearman ×2
Feudal
13:35
Castle
18:11
Imperial
35:35
| APM avg | 45.4 |
| APM peak | 77 |
| eAPM avg | 24.6 |
| Villagers / military | 151 / 55 |
Focus
⚔️ 26.5% · 🌾 73.5%
Knight ×35 · Coustillier ×17 · Trebuchet (Packed) ×2 · Monk ×1
Feudal
12:46
Castle
25:02
Imperial
—
| APM avg | 32.5 |
| APM peak | 65 |
| eAPM avg | 21.5 |
| Villagers / military | 136 / 10 |
Focus
⚔️ 29.4% · 🌾 70.6%
Unknown (1974) ×14 · Militia ×5 · Battering Ram ×3 · Monk ×2
Feudal
11:34
Castle
23:01
Imperial
—
| APM avg | 43.8 |
| APM peak | 95 |
| eAPM avg | 19.9 |
| Villagers / military | 110 / 65 |
Focus
⚔️ 24.2% · 🌾 75.8%
Camel Scout ×31 · Knight ×25 · Scout Cavalry ×9
Feudal
12:01
Castle
24:05
Imperial
38:30
| APM avg | 52.8 |
| APM peak | 111 |
| eAPM avg | 27.8 |
| Villagers / military | 156 / 91 |
Focus
⚔️ 31.4% · 🌾 68.6%
Steppe Lancer ×49 · Camel Scout ×37 · Knight ×2 · Militia ×2 · Spearman ×1
Feudal
13:42
Castle
17:34
Imperial
—
| APM avg | 45.4 |
| APM peak | 71 |
| eAPM avg | 24.2 |
| Villagers / military | 95 / 23 |
Focus
⚔️ 36.7% · 🌾 63.3%
Knight ×21 · Fishing Ship ×7 · Monk ×2
Feudal
12:58
Castle
17:14
Imperial
37:54
| APM avg | 41.9 |
| APM peak | 81 |
| eAPM avg | 14.6 |
| Villagers / military | 118 / 33 |
Focus
⚔️ 29.7% · 🌾 70.3%
Cavalry Archer ×31 · Monk ×1 · Battering Ram ×1
Match map
Initial resources + every placement click. Lines = walls · curves = elevation contours. ◆ gold · ⬟ stone · ● berries · ✦ relic · ◌ wall gap
Your base· Open — unwalled flank
black empire custom print's base· Open — unwalled flank
大围村夫's base· Open — unwalled flank
ARCHIE's base· Open — unwalled flank
胸毛在燃烧's base· Open — unwalled flank
Elite Barbarian's base· ✓ Closed at 24:05 · 32t walls · no gate
主打抽象's base· ✓ Closed at 17:34 · 49t walls · fragile
素素村长's base· Open — 10t gap
Smoothed initial terrain · ◌ = detected wall gap · hover for details
Inputs per minute
— 幾花丹色™ - - black empire custom print
Build order — 幾花丹色™
150 actions detected in the replay
| 0:34 | Build | Town Center |
| 0:49 | Build | Lumber Camp |
| 0:51 | Build | House |
| 2:44 | Create | Villager (Male) |
| 2:44 | Create | Villager (Male) |
| 2:45 | Create | Villager (Male) |
| 2:50 | Create | Villager (Male) |
| 4:09 | Create | Villager (Male) |
| 4:30 | Build | Lumber Camp |
| 4:37 | Create | Villager (Male) |
| 4:37 | Create | Villager (Male) |
| 4:47 | Build | House |
| 4:58 | Create | Villager (Male) |
| 5:36 | Create | Villager (Male) |
| 6:06 | Create | Villager (Male) |
| 6:20 | Build | Palisade Wall |
| 6:25 | Create | Villager (Male) |
| 6:25 | Create | Villager (Male) |
| 6:29 | Build | Mill |
| 6:47 | Create | Villager (Male) |
| 6:47 | Create | Villager (Male) |
| 7:01 | Build | House |
| 7:04 | Create | Villager (Male) |
| 7:41 | Create | Villager (Male) |
| 7:50 | Create | Villager (Male) |
| 8:17 | Create | Villager (Male) |
| 8:47 | Create | Villager (Male) |
| 9:21 | Research | Loom |
| 10:00 | Research | Feudal Age |
| 10:02 | Build | Mining Camp |
| 10:26 | Create | Villager (Male) |
| 10:32 | Build | Barracks |
| 11:30 | Build | House |
| 11:38 | Create | Villager (Male) |
| 12:10 | Age | Feudal Age |
| 12:12 | Build | Archery Range |
| 12:19 | Build | Watch Tower |
| 12:30 | Build | Mining Camp |
| 12:37 | Build | Palisade Wall |
| 12:39 | Build | Palisade Wall |
| 12:41 | Build | Palisade Wall |
| 12:58 | Create | Archer |
| 13:05 | Create | Villager (Male) |
| 13:31 | Create | Archer |
| 13:40 | Build | Palisade Wall |
| 13:41 | Build | Palisade Wall |
| 13:44 | Build | Watch Tower |
| 13:47 | Create | Villager (Male) |
| 13:52 | Create | Villager (Male) |
| 13:59 | Build | Palisade Wall |
| 14:25 | Create | Villager (Male) |
| 14:29 | Build | Watch Tower |
| 14:45 | Build | Watch Tower |
| 14:48 | Create | Villager (Male) |
| 15:00 | Create | Archer |
| 15:04 | Build | House |
| 15:20 | Create | Archer |
| 15:22 | Create | Villager (Male) |
| 15:33 | Build | Palisade Wall |
| 15:34 | Build | Palisade Wall |
| 15:38 | Create | Archer |
| 15:39 | Create | Spearman |
| 15:55 | Build | Blacksmith |
| 15:58 | Create | Villager (Male) |
| 16:13 | Create | Archer |
| 16:14 | Create | Villager (Male) |
| 16:25 | Build | Watch Tower |
| 16:36 | Build | Watch Tower |
| 16:45 | Build | Watch Tower |
| 16:51 | Build | Palisade Wall |
| 16:53 | Build | Palisade Wall |
| 16:57 | Build | Palisade Wall |
| 16:59 | Build | Palisade Wall |
| 17:12 | Build | Palisade Wall |
| 17:17 | Create | Villager (Male) |
| 17:20 | Research | Fletching |
| 17:21 | Build | House |
| 17:23 | Create | Spearman |
| 17:55 | Create | Villager (Male) |
| 17:56 | Build | House |
| 18:18 | Build | Palisade Wall |
| 18:28 | Build | House |
| 18:29 | Create | Villager (Male) |
| 18:33 | Create | Spearman |
| 18:41 | Create | Spearman |
| 18:53 | Build | Farm |
| 18:54 | Build | Farm |
| 19:01 | Create | Villager (Male) |
| 19:03 | Create | Villager (Male) |
| 19:17 | Build | Farm |
| 19:34 | Create | Villager (Male) |
| 19:40 | Create | Spearman |
| 19:42 | Build | Watch Tower |
| 19:54 | Build | Farm |
| 20:23 | Build | Farm |
| 20:39 | Create | Villager (Male) |
| 20:42 | Build | Farm |
| 20:43 | Build | Farm |
| 20:58 | Build | Watch Tower |
| 21:11 | Create | Villager (Male) |
| 21:31 | Build | Palisade Wall |
| 21:37 | Create | Villager (Male) |
| 21:50 | Build | Mill |
| 21:58 | Build | Watch Tower |
| 22:01 | Build | Watch Tower |
| 22:54 | Build | Watch Tower |
| 24:04 | Build | Palisade Wall |
| 24:06 | Build | Palisade Wall |
| 24:07 | Build | Palisade Wall |
| 24:09 | Build | Palisade Wall |
| 26:08 | Build | Lumber Camp |
| 26:56 | Build | Palisade Wall |
| 26:57 | Build | Palisade Wall |
| 27:32 | Build | Market |
| 28:53 | Build | Town Center |
| 29:49 | Create | Villager (Male) |
| 29:54 | Create | Villager (Male) |
| 30:37 | Create | Villager (Male) |
| 30:55 | Create | Villager (Male) |
| 31:16 | Create | Villager (Male) |
| 31:55 | Create | Villager (Male) |
| 31:59 | Build | House |
| 32:00 | Build | House |
| 32:02 | Create | Villager (Male) |
| 32:34 | Create | Villager (Male) |
| 32:54 | Create | Villager (Male) |
| 32:58 | Create | Villager (Male) |
| 33:05 | Build | Mill |
| 33:09 | Build | House |
| 33:12 | Create | Villager (Male) |
| 33:46 | Build | House |
| 33:55 | Create | Villager (Male) |
| 34:10 | Build | Lumber Camp |
| 34:14 | Build | House |
| 34:29 | Create | Villager (Male) |
| 34:52 | Research | Double-Bit Axe |
| 34:57 | Create | Villager (Male) |
| 35:05 | Build | Mining Camp |
| 35:20 | Build | House |
| 35:21 | Create | Villager (Male) |
| 35:46 | Create | Villager (Male) |
| 35:57 | Build | Palisade Wall |
| 36:10 | Create | Villager (Male) |
| 36:17 | Build | Palisade Gate |
| 36:36 | Create | Villager (Male) |
| 37:04 | Create | Villager (Male) |
| 37:20 | Build | Blacksmith |
| 37:40 | Create | Villager (Male) |
| 38:10 | Build | House |
| 38:20 | Research | Castle Age |
Build order — black empire custom print
117 actions detected in the replay
| 0:08 | Build | Town Center |
| 2:42 | Create | Villager (Male) |
| 2:43 | Create | Villager (Male) |
| 2:43 | Create | Villager (Male) |
| 3:22 | Create | Villager (Male) |
| 3:28 | Research | Loom |
| 3:41 | Build | House |
| 3:42 | Create | Villager (Male) |
| 3:42 | Create | Villager (Male) |
| 4:05 | Create | Villager (Male) |
| 4:34 | Create | Villager (Male) |
| 5:02 | Build | House |
| 5:05 | Create | Villager (Male) |
| 5:06 | Create | Villager (Male) |
| 5:31 | Build | Palisade Wall |
| 5:44 | Build | Palisade Wall |
| 5:47 | Build | Palisade Wall |
| 5:58 | Build | Palisade Wall |
| 6:02 | Build | Palisade Wall |
| 6:03 | Build | Palisade Wall |
| 6:11 | Create | Villager (Male) |
| 6:41 | Create | Villager (Male) |
| 6:41 | Create | Villager (Male) |
| 6:49 | Build | House |
| 7:07 | Create | Villager (Male) |
| 7:30 | Create | Villager (Male) |
| 7:31 | Create | Villager (Male) |
| 8:05 | Create | Villager (Male) |
| 8:24 | Create | Villager (Male) |
| 8:48 | Create | Villager (Male) |
| 8:48 | Create | Villager (Male) |
| 8:51 | Build | Lumber Camp |
| 9:38 | Create | Villager (Male) |
| 9:54 | Create | Villager (Male) |
| 10:04 | Build | Mill |
| 10:23 | Build | House |
| 10:34 | Create | Villager (Male) |
| 10:48 | Build | House |
| 10:51 | Build | Palisade Wall |
| 11:26 | Research | Feudal Age |
| 11:26 | Research | Feudal Age |
| 11:42 | Build | Palisade Wall |
| 11:43 | Build | Palisade Wall |
| 12:04 | Build | Palisade Wall |
| 12:07 | Build | Palisade Gate |
| 12:19 | Build | Barracks |
| 12:46 | Build | Mining Camp |
| 12:51 | Create | Villager (Male) |
| 13:25 | Build | House |
| 13:36 | Age | Feudal Age |
| 13:39 | Build | Watch Tower |
| 13:45 | Create | Villager (Male) |
| 14:33 | Create | Villager (Male) |
| 14:57 | Create | Villager (Male) |
| 15:08 | Build | Mill |
| 15:14 | Build | Palisade Wall |
| 15:22 | Create | Villager (Male) |
| 15:32 | Create | Villager (Male) |
| 15:50 | Build | Outpost |
| 15:57 | Build | Outpost |
| 16:17 | Create | Villager (Male) |
| 16:34 | Build | Archery Range |
| 16:37 | Create | Villager (Male) |
| 17:10 | Build | House |
| 17:32 | Create | Villager (Male) |
| 17:38 | Build | Outpost |
| 17:39 | Create | Archer |
| 17:39 | Create | Archer |
| 17:49 | Create | Spearman |
| 17:49 | Create | Spearman |
| 18:35 | Build | Blacksmith |
| 19:03 | Research | Fletching |
| 19:11 | Build | Watch Tower |
| 19:21 | Build | House |
| 19:23 | Build | Palisade Wall |
| 19:26 | Build | Palisade Wall |
| 20:19 | Build | Palisade Wall |
| 21:18 | Build | Watch Tower |
| 21:28 | Build | Palisade Wall |
| 22:09 | Create | Villager (Male) |
| 22:27 | Research | Wheelbarrow |
| 23:51 | Build | Mining Camp |
| 26:14 | Build | Lumber Camp |
| 26:38 | Build | Town Center |
| 26:50 | Build | House |
| 26:53 | Build | Palisade Wall |
| 27:01 | Build | Palisade Wall |
| 27:08 | Build | Palisade Wall |
| 27:22 | Build | House |
| 27:23 | Build | Palisade Wall |
| 27:24 | Build | Palisade Wall |
| 27:40 | Build | Watch Tower |
| 28:22 | Build | Palisade Wall |
| 29:16 | Build | Palisade Wall |
| 29:21 | Create | Villager (Male) |
| 29:27 | Create | Villager (Male) |
| 29:27 | Create | Villager (Male) |
| 30:21 | Create | Villager (Male) |
| 30:21 | Create | Villager (Male) |
| 30:28 | Build | Mill |
| 30:30 | Create | Villager (Male) |
| 30:57 | Create | Villager (Male) |
| 30:57 | Create | Villager (Male) |
| 31:29 | Create | Villager (Male) |
| 32:18 | Create | Villager (Male) |
| 32:19 | Create | Villager (Male) |
| 32:54 | Create | Villager (Male) |
| 33:42 | Create | Villager (Male) |
| 33:42 | Create | Villager (Male) |
| 33:43 | Create | Villager (Male) |
| 34:13 | Build | Mining Camp |
| 34:43 | Create | Villager (Male) |
| 35:22 | Create | Villager (Male) |
| 35:55 | Create | Villager (Male) |
| 36:20 | Research | Castle Age |
| 36:47 | Create | Villager (Male) |
| 36:48 | Create | Villager (Male) |
Build order — 大围村夫
First 150 of 387 actions detected
| 0:15 | Build | Town Center |
| 2:32 | Create | Villager (Male) |
| 2:32 | Create | Villager (Male) |
| 2:32 | Create | Villager (Male) |
| 2:33 | Build | House |
| 2:45 | Build | House |
| 2:57 | Build | House |
| 3:03 | Create | Villager (Male) |
| 3:03 | Create | Villager (Male) |
| 3:19 | Build | House |
| 3:35 | Build | House |
| 3:47 | Create | Villager (Male) |
| 3:50 | Build | House |
| 4:29 | Build | House |
| 4:32 | Create | Villager (Male) |
| 4:34 | Build | House |
| 5:03 | Create | Villager (Male) |
| 5:11 | Build | House |
| 5:29 | Create | Villager (Male) |
| 5:38 | Build | Lumber Camp |
| 5:52 | Create | Villager (Male) |
| 5:52 | Create | Villager (Male) |
| 6:17 | Create | Villager (Male) |
| 7:07 | Create | Villager (Male) |
| 7:12 | Build | House |
| 7:28 | Create | Villager (Male) |
| 7:32 | Build | House |
| 8:00 | Create | Villager (Male) |
| 8:22 | Create | Villager (Male) |
| 8:28 | Create | Villager (Male) |
| 8:58 | Build | House |
| 9:13 | Create | Villager (Male) |
| 9:15 | Create | Villager (Male) |
| 9:21 | Research | Double-Bit Axe |
| 9:21 | Research | Double-Bit Axe |
| 9:26 | Create | Villager (Male) |
| 9:26 | Create | Villager (Male) |
| 9:30 | Build | House |
| 9:47 | Build | House |
| 10:36 | Build | Mining Camp |
| 10:38 | Research | Loom |
| 11:25 | Research | Feudal Age |
| 11:35 | Build | House |
| 11:43 | Build | Palisade Wall |
| 11:44 | Build | Palisade Wall |
| 12:24 | Build | Mill |
| 12:52 | Build | Barracks |
| 12:54 | Build | House |
| 12:59 | Create | Villager (Male) |
| 12:59 | Create | Villager (Male) |
| 13:10 | Build | House |
| 13:21 | Build | Palisade Wall |
| 13:35 | Age | Feudal Age |
| 13:50 | Build | Blacksmith |
| 13:55 | Build | Stable |
| 14:55 | Build | Palisade Wall |
| 15:12 | Build | Palisade Wall |
| 15:15 | Build | Palisade Wall |
| 15:31 | Research | Castle Age |
| 16:24 | Research | Bow Saw |
| 16:45 | Build | Palisade Wall |
| 16:56 | Build | Palisade Wall |
| 17:04 | Create | Villager (Male) |
| 17:41 | Create | Villager (Male) |
| 17:51 | Research | Forging |
| 18:11 | Age | Castle Age |
| 18:18 | Build | Town Center |
| 18:31 | Research | Husbandry |
| 18:40 | Research | Horse Collar |
| 19:03 | Create | Villager (Male) |
| 19:10 | Build | Castle |
| 19:18 | Create | Villager (Male) |
| 19:19 | Create | Villager (Male) |
| 19:20 | Research | Wheelbarrow |
| 19:45 | Create | Villager (Male) |
| 19:48 | Build | Farm |
| 19:52 | Build | Farm |
| 19:59 | Build | Mill |
| 20:04 | Create | Villager (Male) |
| 20:11 | Build | Monastery |
| 20:16 | Create | Villager (Male) |
| 20:23 | Build | Farm |
| 20:38 | Create | Coustillier |
| 20:38 | Create | Coustillier |
| 20:55 | Create | Villager (Male) |
| 21:01 | Build | Farm |
| 21:06 | Create | Villager (Male) |
| 21:20 | Build | Farm |
| 21:39 | Build | Town Center |
| 21:45 | Create | Villager (Male) |
| 21:47 | Create | Coustillier |
| 22:02 | Create | Villager (Male) |
| 22:03 | Create | Villager (Male) |
| 22:16 | Create | Villager (Male) |
| 22:17 | Create | Villager (Male) |
| 22:24 | Build | Farm |
| 22:38 | Create | Monk |
| 22:46 | Create | Villager (Male) |
| 22:50 | Research | Scale Barding Armor |
| 23:00 | Create | Villager (Male) |
| 23:00 | Create | Villager (Male) |
| 23:00 | Create | Villager (Male) |
| 23:06 | Create | Villager (Male) |
| 23:18 | Create | Villager (Male) |
| 23:21 | Build | Farm |
| 23:22 | Build | Farm |
| 23:38 | Create | Villager (Male) |
| 23:38 | Create | Villager (Male) |
| 23:38 | Create | Villager (Male) |
| 23:39 | Create | Villager (Male) |
| 23:44 | Create | Coustillier |
| 23:59 | Create | Villager (Male) |
| 24:00 | Create | Coustillier |
| 24:03 | Create | Villager (Male) |
| 24:14 | Create | Villager (Male) |
| 24:39 | Create | Villager (Male) |
| 24:43 | Create | Villager (Male) |
| 24:49 | Build | Town Center |
| 24:50 | Create | Villager (Male) |
| 24:52 | Build | Farm |
| 24:52 | Build | Farm |
| 24:52 | Build | Farm |
| 24:53 | Build | Farm |
| 24:54 | Build | Farm |
| 24:56 | Create | Villager (Male) |
| 25:06 | Create | Coustillier |
| 25:07 | Create | Villager (Male) |
| 25:09 | Build | Farm |
| 25:14 | Create | Villager (Male) |
| 25:16 | Create | Villager (Male) |
| 25:18 | Build | Farm |
| 25:40 | Create | Villager (Male) |
| 25:42 | Create | Coustillier |
| 25:43 | Create | Villager (Male) |
| 25:43 | Create | Villager (Male) |
| 25:45 | Create | Villager (Male) |
| 25:48 | Build | Farm |
| 25:49 | Build | Farm |
| 25:50 | Create | Villager (Male) |
| 25:55 | Build | Mill |
| 25:58 | Create | Villager (Male) |
| 26:01 | Build | Farm |
| 26:03 | Create | Villager (Male) |
| 26:06 | Build | Farm |
| 26:24 | Create | Villager (Male) |
| 26:25 | Create | Villager (Male) |
| 26:26 | Create | Coustillier |
| 26:26 | Create | Coustillier |
| 26:40 | Create | Villager (Male) |
| 26:45 | Build | House |
Build order — ARCHIE
First 150 of 294 actions detected
| 0:18 | Build | Town Center |
| 2:08 | Build | House |
| 2:38 | Create | Villager (Male) |
| 2:39 | Create | Villager (Male) |
| 2:46 | Create | Villager (Male) |
| 2:46 | Create | Villager (Male) |
| 2:55 | Build | House |
| 3:04 | Build | House |
| 3:19 | Build | House |
| 4:06 | Build | Lumber Camp |
| 4:08 | Create | Villager (Male) |
| 4:36 | Create | Villager (Male) |
| 4:43 | Research | Loom |
| 5:00 | Create | Villager (Male) |
| 5:11 | Build | House |
| 5:11 | Research | Loom |
| 5:26 | Create | Villager (Male) |
| 6:16 | Create | Villager (Male) |
| 6:16 | Create | Villager (Male) |
| 6:41 | Create | Villager (Male) |
| 6:48 | Build | House |
| 7:22 | Create | Villager (Male) |
| 7:41 | Build | House |
| 7:45 | Create | Villager (Male) |
| 7:49 | Build | Lumber Camp |
| 7:50 | Create | Villager (Male) |
| 7:51 | Create | Villager (Male) |
| 7:52 | Create | Villager (Male) |
| 8:02 | Create | Villager (Male) |
| 9:41 | Create | Villager (Male) |
| 9:47 | Create | Villager (Male) |
| 10:06 | Build | Barracks |
| 10:36 | Research | Feudal Age |
| 11:07 | Create | Militia |
| 11:13 | Build | House |
| 11:31 | Create | Militia |
| 11:35 | Create | Villager (Male) |
| 11:57 | Build | Mining Camp |
| 12:24 | Create | Militia |
| 12:25 | Create | Villager (Male) |
| 12:32 | Build | House |
| 12:42 | Build | Outpost |
| 12:46 | Age | Feudal Age |
| 12:47 | Create | Villager (Male) |
| 12:56 | Build | Outpost |
| 13:06 | Build | Watch Tower |
| 13:09 | Research | Man-at-Arms (upgrade) |
| 13:14 | Build | Watch Tower |
| 13:26 | Create | Militia |
| 13:27 | Create | Villager (Male) |
| 13:52 | Create | Militia |
| 13:53 | Create | Villager (Male) |
| 14:14 | Create | Villager (Male) |
| 14:15 | Build | Blacksmith |
| 14:23 | Create | Villager (Male) |
| 14:30 | Build | House |
| 14:44 | Create | Villager (Male) |
| 14:59 | Build | Watch Tower |
| 15:45 | Create | Villager (Male) |
| 15:50 | Build | Mill |
| 16:10 | Build | Watch Tower |
| 16:12 | Create | Villager (Male) |
| 16:14 | Research | Fletching |
| 16:39 | Build | Farm |
| 16:41 | Build | Farm |
| 16:44 | Build | Farm |
| 17:06 | Create | Villager (Male) |
| 17:21 | Create | Villager (Male) |
| 17:35 | Build | Watch Tower |
| 17:37 | Build | House |
| 17:42 | Build | Palisade Wall |
| 17:43 | Build | Palisade Wall |
| 17:45 | Build | Palisade Wall |
| 17:46 | Build | Palisade Wall |
| 17:46 | Build | Palisade Wall |
| 17:47 | Build | Palisade Wall |
| 17:49 | Create | Villager (Male) |
| 17:50 | Create | Villager (Male) |
| 18:08 | Create | Villager (Male) |
| 18:17 | Create | Villager (Male) |
| 18:27 | Research | Town Watch |
| 18:28 | Create | Villager (Male) |
| 18:33 | Build | House |
| 18:35 | Create | Villager (Male) |
| 18:41 | Build | Lumber Camp |
| 19:12 | Build | Farm |
| 19:15 | Build | Farm |
| 19:16 | Create | Villager (Male) |
| 19:53 | Create | Villager (Male) |
| 20:06 | Research | Scale Mail Armor |
| 20:21 | Create | Villager (Male) |
| 21:02 | Create | Villager (Male) |
| 21:05 | Build | Market |
| 21:27 | Create | Villager (Male) |
| 21:30 | Build | Watch Tower |
| 22:22 | Research | Castle Age |
| 23:00 | Build | Mill |
| 23:35 | Research | Double-Bit Axe |
| 23:36 | Research | Double-Bit Axe |
| 24:40 | Build | Barracks |
| 25:02 | Age | Castle Age |
| 25:06 | Create | Villager (Male) |
| 25:09 | Create | Unit 1974 |
| 25:15 | Create | Unit 1974 |
| 25:17 | Research | Scale Mail Armor |
| 25:18 | Create | Villager (Male) |
| 25:26 | Build | Lumber Camp |
| 25:38 | Create | Villager (Male) |
| 25:49 | Create | Unit 1974 |
| 26:07 | Create | Villager (Male) |
| 26:22 | Create | Villager (Male) |
| 26:33 | Create | Villager (Male) |
| 26:36 | Create | Villager (Male) |
| 26:43 | Build | Town Center |
| 26:48 | Create | Unit 1974 |
| 27:12 | Create | Unit 1974 ×3 |
| 27:16 | Create | Villager (Male) |
| 27:20 | Create | Villager (Male) |
| 27:35 | Build | House |
| 27:39 | Build | Town Center |
| 27:42 | Create | Villager (Male) |
| 27:52 | Create | Villager (Male) |
| 28:08 | Create | Villager (Male) |
| 28:19 | Research | Bow Saw |
| 28:34 | Create | Villager (Male) |
| 28:39 | Build | Farm |
| 28:39 | Build | Farm |
| 28:39 | Build | Farm |
| 28:39 | Build | Farm |
| 28:40 | Build | Farm |
| 28:41 | Create | Villager (Male) |
| 28:50 | Build | Mill |
| 29:09 | Create | Villager (Male) |
| 29:20 | Create | Villager (Male) |
| 29:32 | Build | Monastery |
| 29:37 | Build | Farm |
| 29:38 | Build | Farm |
| 29:38 | Build | Farm |
| 29:38 | Build | Farm |
| 29:39 | Create | Villager (Male) |
| 29:39 | Create | Villager (Male) |
| 29:42 | Create | Villager (Male) |
| 29:52 | Create | Villager (Male) |
| 30:01 | Build | Farm |
| 30:01 | Build | Farm |
| 30:02 | Build | Farm |
| 30:02 | Create | Villager (Male) |
| 30:18 | Create | Villager (Male) |
| 30:20 | Create | Monk |
| 30:26 | Build | Farm |
Build order — 胸毛在燃烧
First 150 of 297 actions detected
| 0:10 | Build | Town Center |
| 0:34 | Build | Town Center |
| 3:09 | Create | Villager (Male) |
| 3:09 | Create | Villager (Male) |
| 3:09 | Create | Villager (Male) |
| 3:10 | Create | Villager (Male) |
| 3:10 | Create | Villager (Male) |
| 3:17 | Build | House |
| 4:20 | Create | Villager (Male) |
| 4:47 | Build | Lumber Camp |
| 5:12 | Build | House |
| 5:19 | Create | Villager (Male) |
| 5:20 | Create | Villager (Male) |
| 5:20 | Create | Villager (Male) |
| 5:21 | Create | Villager (Male) |
| 5:29 | Build | House |
| 6:24 | Build | House |
| 6:30 | Create | Villager (Male) |
| 6:30 | Create | Villager (Male) |
| 6:31 | Create | Villager (Male) |
| 6:37 | Build | House |
| 6:58 | Create | Villager (Male) |
| 7:35 | Build | Mill |
| 7:36 | Create | Villager (Male) |
| 7:58 | Build | Mill |
| 8:01 | Build | House |
| 8:11 | Create | Villager (Male) |
| 8:16 | Build | House |
| 8:56 | Research | Loom |
| 9:31 | Research | Feudal Age |
| 9:46 | Build | Barracks |
| 10:10 | Build | House |
| 10:20 | Create | Villager (Male) |
| 10:20 | Create | Villager (Male) |
| 11:34 | Age | Feudal Age |
| 11:37 | Build | Stable |
| 11:41 | Research | Double-Bit Axe |
| 11:43 | Create | Villager (Male) |
| 12:02 | Create | Villager (Male) |
| 12:29 | Create | Scout Cavalry |
| 12:29 | Create | Scout Cavalry |
| 12:29 | Create | Scout Cavalry |
| 12:46 | Build | House |
| 12:56 | Build | Blacksmith |
| 12:57 | Build | House |
| 13:01 | Create | Villager (Male) |
| 13:20 | Create | Villager (Male) |
| 13:21 | Create | Villager (Male) |
| 13:37 | Create | Scout Cavalry |
| 13:38 | Create | Villager (Male) |
| 13:58 | Build | House |
| 14:07 | Research | Forging |
| 14:20 | Build | House |
| 14:36 | Create | Villager (Male) |
| 14:45 | Build | Mill |
| 14:50 | Create | Villager (Male) |
| 15:22 | Create | Villager (Male) |
| 15:23 | Create | Villager (Male) |
| 15:27 | Build | Farm |
| 15:28 | Build | Farm |
| 15:31 | Research | Horse Collar |
| 15:31 | Create | Villager (Male) |
| 15:46 | Build | Farm |
| 15:47 | Build | Farm |
| 15:50 | Create | Villager (Male) |
| 16:06 | Research | Scale Barding Armor |
| 16:30 | Create | Villager (Male) |
| 16:33 | Create | Scout Cavalry |
| 16:42 | Create | Villager (Male) |
| 16:48 | Research | Bloodlines |
| 16:50 | Create | Villager (Male) |
| 16:55 | Build | Mill |
| 17:18 | Create | Villager (Male) |
| 17:27 | Build | Farm |
| 17:28 | Build | Farm |
| 17:28 | Create | Villager (Male) |
| 17:43 | Create | Scout Cavalry |
| 18:05 | Create | Villager (Male) |
| 18:12 | Build | Farm |
| 18:13 | Create | Villager (Male) |
| 18:33 | Build | Farm |
| 18:34 | Build | Farm |
| 18:49 | Create | Villager (Male) |
| 19:02 | Build | Farm |
| 19:03 | Create | Villager (Male) |
| 19:57 | Build | Lumber Camp |
| 19:59 | Create | Villager (Male) |
| 20:03 | Build | House |
| 20:04 | Build | House |
| 20:36 | Research | Castle Age |
| 20:36 | Research | Castle Age |
| 20:42 | Build | Mining Camp |
| 21:06 | Create | Villager (Male) |
| 21:14 | Create | Scout Cavalry |
| 21:16 | Create | Scout Cavalry |
| 22:09 | Build | Stable |
| 22:11 | Research | Gold Mining |
| 23:01 | Age | Castle Age |
| 23:16 | Research | Chain Barding Armor |
| 23:22 | Create | Knight |
| 23:22 | Create | Knight |
| 23:28 | Create | Villager (Male) |
| 23:39 | Create | Camel Scout |
| 23:49 | Build | Town Center |
| 24:10 | Create | Camel Scout |
| 24:13 | Create | Villager (Male) |
| 24:14 | Create | Villager (Male) |
| 24:24 | Create | Villager (Male) |
| 24:34 | Create | Villager (Male) |
| 24:43 | Create | Villager (Male) |
| 24:46 | Create | Villager (Male) |
| 24:57 | Create | Knight |
| 24:57 | Create | Knight |
| 25:09 | Create | Villager (Male) |
| 25:09 | Create | Villager (Male) |
| 25:18 | Build | House |
| 25:20 | Build | Stone Wall |
| 25:24 | Build | House |
| 25:36 | Create | Knight |
| 25:38 | Create | Villager (Male) |
| 25:38 | Create | Villager (Male) |
| 25:39 | Create | Villager (Male) |
| 25:41 | Build | Market |
| 25:51 | Create | Villager (Male) |
| 25:52 | Create | Villager (Male) |
| 26:05 | Build | Farm |
| 26:05 | Build | Farm |
| 26:05 | Build | Farm |
| 26:06 | Build | Farm |
| 26:06 | Build | Farm |
| 26:09 | Create | Villager (Male) |
| 26:09 | Create | Villager (Male) |
| 26:19 | Build | Farm |
| 26:28 | Create | Villager (Male) |
| 26:28 | Create | Villager (Male) |
| 26:38 | Create | Villager (Male) |
| 26:39 | Create | Villager (Male) |
| 26:46 | Create | Knight |
| 26:46 | Create | Knight |
| 26:47 | Create | Villager (Male) |
| 26:47 | Create | Villager (Male) |
| 26:52 | Build | Farm |
| 26:52 | Build | Farm |
| 26:52 | Build | Farm |
| 26:55 | Build | Farm |
| 26:56 | Create | Villager (Male) |
| 26:57 | Create | Villager (Male) |
| 27:21 | Create | Villager (Male) |
| 27:21 | Create | Villager (Male) |
| 27:26 | Create | Villager (Male) |
Build order — Elite Barbarian
First 150 of 405 actions detected
| 0:31 | Build | Town Center |
| 3:05 | Create | Villager (Male) |
| 3:05 | Create | Villager (Male) |
| 3:05 | Create | Villager (Male) |
| 3:07 | Build | House |
| 3:14 | Create | Villager (Male) |
| 3:14 | Create | Villager (Male) |
| 4:03 | Build | Lumber Camp |
| 4:14 | Create | Villager (Male) |
| 4:41 | Create | Villager (Male) |
| 4:46 | Build | House |
| 5:20 | Build | House |
| 5:23 | Create | Villager (Male) |
| 5:56 | Build | House |
| 5:57 | Create | Villager (Male) |
| 5:59 | Create | Villager (Male) |
| 5:59 | Create | Villager (Male) |
| 6:24 | Create | Villager (Male) |
| 6:52 | Create | Villager (Male) |
| 7:03 | Create | Villager (Male) |
| 7:40 | Build | Mill |
| 7:42 | Create | Villager (Male) |
| 7:45 | Build | Mill |
| 8:13 | Create | Villager (Male) |
| 8:55 | Create | Villager (Male) |
| 9:14 | Create | Villager (Male) |
| 9:21 | Build | House |
| 9:51 | Research | Feudal Age |
| 10:15 | Research | Loom |
| 11:10 | Build | House |
| 11:15 | Build | Palisade Wall |
| 11:27 | Create | Villager (Male) |
| 12:01 | Age | Feudal Age |
| 12:09 | Build | Town Center |
| 12:17 | Create | Villager (Male) |
| 12:21 | Create | Villager (Male) |
| 12:36 | Build | House |
| 12:44 | Create | Villager (Male) |
| 12:49 | Build | House |
| 13:01 | Create | Villager (Male) |
| 13:13 | Build | House |
| 13:20 | Create | Villager (Male) |
| 13:24 | Build | House |
| 13:33 | Create | Villager (Male) |
| 13:44 | Create | Villager (Male) |
| 13:48 | Research | Double-Bit Axe |
| 13:54 | Create | Villager (Male) |
| 14:05 | Create | Villager (Male) |
| 14:12 | Create | Villager (Male) |
| 14:22 | Research | Horse Collar |
| 14:23 | Create | Villager (Male) |
| 14:27 | Build | House |
| 14:27 | Build | House |
| 14:28 | Build | House |
| 14:38 | Create | Villager (Male) |
| 14:42 | Create | Villager (Male) |
| 14:42 | Create | Villager (Male) |
| 14:45 | Build | Farm |
| 14:48 | Build | House |
| 14:55 | Create | Villager (Male) |
| 15:02 | Build | House |
| 15:05 | Build | Farm |
| 15:13 | Build | Palisade Wall |
| 15:24 | Create | Villager (Male) |
| 15:27 | Build | Farm |
| 15:28 | Create | Villager (Male) |
| 15:37 | Build | House |
| 15:40 | Build | House |
| 15:45 | Create | Villager (Male) |
| 15:53 | Build | Farm |
| 16:11 | Build | House |
| 16:14 | Build | Farm |
| 16:16 | Create | Villager (Male) |
| 16:23 | Build | Farm |
| 16:26 | Build | Farm |
| 16:27 | Create | Villager (Male) |
| 16:32 | Create | Villager (Male) |
| 16:37 | Build | House |
| 16:39 | Create | Villager (Male) |
| 16:47 | Build | Farm |
| 16:52 | Build | Farm |
| 16:55 | Create | Villager (Male) |
| 16:56 | Build | Farm |
| 16:59 | Build | Palisade Wall |
| 17:02 | Create | Villager (Male) |
| 17:07 | Build | Farm |
| 17:09 | Create | Villager (Male) |
| 17:13 | Create | Villager (Male) |
| 17:20 | Build | Lumber Camp |
| 17:22 | Create | Villager (Male) |
| 17:33 | Build | Palisade Wall |
| 17:33 | Build | Palisade Wall |
| 17:41 | Build | House |
| 17:48 | Build | Palisade Wall |
| 17:50 | Create | Villager (Male) |
| 17:51 | Create | Villager (Male) |
| 17:52 | Create | Villager (Male) |
| 17:53 | Build | Farm |
| 17:54 | Build | Farm |
| 18:07 | Create | Villager (Male) |
| 18:11 | Build | House |
| 18:12 | Build | Palisade Wall |
| 18:15 | Create | Villager (Male) |
| 18:18 | Build | House |
| 18:21 | Build | Palisade Wall |
| 18:24 | Build | Palisade Wall |
| 18:27 | Create | Villager (Male) |
| 18:29 | Build | Palisade Wall |
| 18:41 | Build | Blacksmith |
| 18:45 | Build | Farm |
| 18:46 | Build | Farm |
| 18:49 | Create | Villager (Male) |
| 18:51 | Research | Wheelbarrow |
| 18:53 | Create | Villager (Male) |
| 19:00 | Build | Farm |
| 19:03 | Create | Villager (Male) |
| 19:12 | Build | Farm |
| 19:15 | Create | Villager (Male) |
| 19:27 | Build | Farm |
| 19:28 | Build | Farm |
| 19:32 | Create | Villager (Male) |
| 19:40 | Build | Market |
| 19:43 | Create | Villager (Male) |
| 19:53 | Build | Farm |
| 19:54 | Build | Farm |
| 20:03 | Create | Villager (Male) |
| 20:06 | Build | Mining Camp |
| 20:12 | Create | Villager (Male) |
| 20:24 | Build | Farm |
| 20:28 | Build | Farm |
| 20:29 | Build | Farm |
| 20:34 | Create | Villager (Male) |
| 20:39 | Build | Farm |
| 20:58 | Create | Villager (Male) |
| 21:03 | Build | Mill |
| 21:25 | Research | Castle Age |
| 21:33 | Build | Barracks |
| 21:42 | Build | Lumber Camp |
| 21:47 | Build | Lumber Camp |
| 21:53 | Create | Villager (Male) |
| 21:57 | Research | Scale Barding Armor |
| 22:08 | Build | Mining Camp |
| 22:13 | Build | Farm |
| 22:13 | Build | Farm |
| 22:19 | Create | Villager (Male) |
| 22:29 | Build | House |
| 22:39 | Build | House |
| 22:41 | Build | Palisade Wall |
| 22:44 | Build | Stable |
| 22:46 | Build | Stable |
Build order — 主打抽象
First 150 of 218 actions detected
| 0:05 | Build | Town Center |
| 1:40 | Build | House |
| 2:15 | Create | Villager (Male) |
| 2:16 | Create | Villager (Male) |
| 2:16 | Create | Villager (Male) |
| 2:16 | Create | Villager (Male) |
| 2:35 | Build | House |
| 3:32 | Create | Villager (Male) |
| 3:32 | Create | Villager (Male) |
| 3:54 | Create | Villager (Male) |
| 4:34 | Create | Villager (Male) |
| 4:45 | Build | House |
| 4:59 | Build | House |
| 5:04 | Build | House |
| 5:08 | Create | Villager (Male) |
| 5:08 | Create | Villager (Male) |
| 5:24 | Create | Villager (Male) |
| 5:24 | Create | Villager (Male) |
| 5:48 | Create | Villager (Male) |
| 5:49 | Build | Lumber Camp |
| 5:52 | Create | Villager (Male) |
| 6:18 | Build | House |
| 6:35 | Create | Villager (Male) |
| 6:51 | Create | Villager (Male) |
| 6:51 | Create | Villager (Male) |
| 7:09 | Create | Villager (Male) |
| 7:20 | Build | Dock |
| 8:02 | Build | House |
| 8:16 | Create | Villager (Male) |
| 8:21 | Build | House |
| 8:21 | Create | Fishing Ship |
| 8:22 | Create | Fishing Ship |
| 8:23 | Create | Fishing Ship |
| 8:28 | Build | Palisade Wall |
| 8:37 | Create | Villager (Male) |
| 8:39 | Build | Palisade Wall |
| 8:57 | Create | Villager (Male) |
| 9:09 | Build | Mill |
| 9:30 | Create | Villager (Male) |
| 9:39 | Create | Fishing Ship |
| 10:01 | Build | House |
| 10:02 | Create | Villager (Male) |
| 10:08 | Create | Fishing Ship |
| 10:30 | Build | Palisade Wall |
| 10:35 | Create | Villager (Male) |
| 10:49 | Create | Villager (Male) |
| 11:13 | Create | Fishing Ship |
| 11:30 | Build | Barracks |
| 11:33 | Research | Feudal Age |
| 11:33 | Research | Feudal Age |
| 11:58 | Build | Mining Camp |
| 12:03 | Build | Mining Camp |
| 12:24 | Build | House |
| 12:26 | Create | Villager (Male) |
| 12:26 | Create | Villager (Male) |
| 12:45 | Build | Palisade Wall |
| 12:53 | Build | Palisade Wall |
| 13:20 | Build | House |
| 13:27 | Build | Palisade Wall |
| 13:35 | Research | Loom |
| 13:42 | Age | Feudal Age |
| 13:56 | Build | Stable |
| 13:58 | Build | Blacksmith |
| 14:54 | Research | Castle Age |
| 14:54 | Research | Castle Age |
| 15:10 | Build | House |
| 15:38 | Research | Scale Barding Armor |
| 15:52 | Build | House |
| 16:05 | Build | Mill |
| 16:16 | Build | Watch Tower |
| 17:06 | Build | Fish Trap |
| 17:34 | Age | Castle Age |
| 17:36 | Create | Knight |
| 17:36 | Create | Knight |
| 17:37 | Create | Knight |
| 17:55 | Create | Villager (Male) |
| 18:01 | Build | Farm |
| 18:07 | Build | Mining Camp |
| 18:10 | Create | Knight |
| 18:10 | Create | Knight |
| 18:31 | Create | Villager (Male) |
| 18:45 | Build | Fish Trap |
| 18:46 | Create | Villager (Male) |
| 18:55 | Create | Knight |
| 19:55 | Build | Monastery |
| 20:09 | Create | Villager (Male) |
| 20:50 | Build | Castle |
| 21:01 | Create | Monk |
| 21:02 | Create | Knight |
| 21:03 | Create | Knight |
| 21:18 | Build | Fish Trap |
| 21:22 | Build | Fish Trap |
| 21:25 | Build | Fish Trap |
| 21:47 | Build | Castle |
| 22:07 | Create | Villager (Male) |
| 22:26 | Create | Villager (Male) |
| 22:54 | Build | Mining Camp |
| 22:58 | Create | Knight |
| 23:01 | Create | Fishing Ship |
| 23:20 | Build | Farm |
| 23:22 | Build | Farm |
| 23:35 | Create | Knight |
| 23:52 | Create | Knight |
| 23:52 | Create | Knight |
| 24:01 | Build | Town Center |
| 24:21 | Create | Knight |
| 24:28 | Create | Monk |
| 24:30 | Build | Fish Trap |
| 24:50 | Create | Villager (Male) |
| 25:09 | Create | Villager (Male) |
| 25:25 | Create | Knight |
| 25:32 | Build | Farm |
| 25:33 | Build | Farm |
| 26:05 | Create | Knight |
| 26:05 | Create | Knight |
| 26:06 | Create | Villager (Male) |
| 26:42 | Build | Mill |
| 26:57 | Create | Villager (Male) |
| 27:00 | Create | Villager (Male) |
| 27:04 | Build | House |
| 27:10 | Build | Farm |
| 27:10 | Build | Farm |
| 27:10 | Build | Farm |
| 27:11 | Build | Farm |
| 27:11 | Build | Farm |
| 27:11 | Build | Farm |
| 27:12 | Create | Villager (Male) |
| 27:13 | Create | Villager (Male) |
| 27:14 | Create | Villager (Male) |
| 27:30 | Create | Villager (Male) |
| 27:33 | Build | Farm |
| 27:35 | Build | Farm |
| 27:47 | Create | Villager (Male) |
| 28:01 | Create | Villager (Male) |
| 28:20 | Build | Palisade Wall |
| 28:24 | Build | Stone Wall |
| 28:27 | Build | Stone Wall |
| 28:27 | Create | Villager (Male) |
| 28:30 | Research | Fletching |
| 28:30 | Research | Fletching |
| 28:32 | Build | Stone Wall |
| 28:43 | Build | Stone Wall |
| 28:46 | Build | Stone Wall |
| 29:04 | Create | Villager (Male) |
| 29:11 | Create | Knight |
| 29:11 | Create | Knight |
| 29:37 | Create | Villager (Male) |
| 29:50 | Create | Villager (Male) |
| 29:50 | Create | Villager (Male) |
| 29:51 | Create | Villager (Male) |
Build order — 素素村长
First 150 of 256 actions detected
| 0:13 | Build | Town Center |
| 2:14 | Build | House |
| 2:37 | Create | Villager (Male) |
| 2:37 | Create | Villager (Male) |
| 2:37 | Create | Villager (Male) |
| 2:41 | Build | House |
| 2:47 | Create | Villager (Male) |
| 2:47 | Create | Villager (Male) |
| 3:32 | Build | House |
| 3:36 | Build | House |
| 3:49 | Build | House |
| 3:55 | Create | Villager (Male) |
| 3:55 | Create | Villager (Male) |
| 4:13 | Create | Villager (Male) |
| 4:14 | Create | Villager (Male) |
| 4:22 | Build | Lumber Camp |
| 4:40 | Create | Villager (Male) |
| 4:43 | Build | House |
| 5:17 | Create | Villager (Male) |
| 5:17 | Create | Villager (Male) |
| 6:04 | Create | Villager (Male) |
| 6:04 | Create | Villager (Male) |
| 6:05 | Create | Villager (Male) |
| 6:33 | Build | House |
| 6:38 | Build | House |
| 6:42 | Create | Villager (Male) |
| 6:47 | Create | Villager (Male) |
| 6:54 | Build | House |
| 7:08 | Create | Villager (Male) |
| 7:30 | Create | Villager (Male) |
| 7:30 | Create | Villager (Male) |
| 7:37 | Build | House |
| 7:39 | Create | Villager (Male) |
| 7:39 | Create | Villager (Male) |
| 8:06 | Create | Villager (Male) |
| 8:06 | Create | Villager (Male) |
| 8:16 | Build | Mill |
| 8:17 | Create | Villager (Male) |
| 8:17 | Create | Villager (Male) |
| 8:34 | Create | Villager (Male) |
| 8:34 | Create | Villager (Male) |
| 8:41 | Create | Villager (Male) |
| 9:05 | Create | Villager (Male) |
| 9:05 | Create | Villager (Male) |
| 9:19 | Create | Villager (Male) |
| 9:24 | Create | Villager (Male) |
| 9:48 | Build | House |
| 10:13 | Build | Mining Camp |
| 10:48 | Research | Feudal Age |
| 11:35 | Build | Barracks |
| 11:39 | Create | Villager (Male) |
| 12:17 | Create | Villager (Male) |
| 12:34 | Research | Loom |
| 12:58 | Age | Feudal Age |
| 13:01 | Build | Blacksmith |
| 13:05 | Build | Archery Range |
| 13:20 | Create | Villager (Male) |
| 14:34 | Research | Castle Age |
| 15:17 | Build | Archery Range |
| 15:25 | Research | Double-Bit Axe |
| 16:02 | Build | Palisade Wall |
| 16:09 | Build | Palisade Wall |
| 16:11 | Build | House |
| 16:15 | Build | Palisade Wall |
| 16:19 | Create | Villager (Male) |
| 16:23 | Research | Gold Mining |
| 16:47 | Build | Palisade Wall |
| 17:07 | Create | Villager (Male) |
| 17:14 | Age | Castle Age |
| 17:18 | Create | Cavalry Archer |
| 17:19 | Create | Cavalry Archer |
| 17:24 | Research | Bow Saw |
| 17:37 | Create | Villager (Male) |
| 17:45 | Create | Villager (Male) |
| 17:58 | Create | Cavalry Archer |
| 17:59 | Create | Cavalry Archer |
| 18:08 | Build | House |
| 18:15 | Research | Wheelbarrow |
| 18:29 | Build | House |
| 18:37 | Create | Cavalry Archer |
| 18:42 | Create | Cavalry Archer |
| 18:45 | Create | Villager (Male) |
| 19:07 | Create | Villager (Male) |
| 19:12 | Create | Villager (Male) |
| 19:23 | Create | Villager (Male) |
| 19:29 | Create | Villager (Male) |
| 19:45 | Build | Monastery |
| 19:47 | Build | Palisade Wall |
| 19:54 | Create | Villager (Male) |
| 19:56 | Create | Cavalry Archer |
| 19:56 | Create | Cavalry Archer |
| 20:14 | Build | House |
| 20:17 | Create | Villager (Male) |
| 20:25 | Create | Cavalry Archer |
| 20:26 | Create | Cavalry Archer |
| 20:37 | Research | Fletching |
| 20:38 | Create | Villager (Male) |
| 20:51 | Create | Villager (Male) |
| 20:51 | Create | Villager (Male) |
| 20:55 | Create | Cavalry Archer |
| 20:56 | Create | Cavalry Archer |
| 20:59 | Create | Monk |
| 21:11 | Create | Villager (Male) |
| 21:23 | Create | Villager (Male) |
| 21:28 | Create | Villager (Male) |
| 21:34 | Build | Stable |
| 21:39 | Create | Villager (Male) |
| 21:40 | Create | Villager (Male) |
| 21:56 | Research | Bodkin Arrow |
| 22:13 | Create | Villager (Male) |
| 22:20 | Build | House |
| 22:25 | Build | University |
| 22:40 | Create | Cavalry Archer ×3 |
| 22:41 | Create | Villager (Male) |
| 22:51 | Create | Cavalry Archer |
| 23:14 | Research | Padded Archer Armor |
| 23:28 | Create | Villager (Male) |
| 23:33 | Build | House |
| 23:34 | Build | House |
| 23:49 | Create | Villager (Male) |
| 23:58 | Research | Ballistics |
| 24:13 | Create | Villager (Male) |
| 24:17 | Build | Town Center |
| 24:25 | Create | Villager (Male) |
| 24:46 | Build | Farm |
| 24:47 | Build | Farm |
| 24:56 | Create | Villager (Male) |
| 24:57 | Create | Villager (Male) |
| 25:02 | Build | Farm |
| 25:41 | Create | Villager (Male) |
| 26:03 | Create | Villager (Male) |
| 26:09 | Build | Town Center |
| 26:24 | Create | Villager (Male) |
| 26:28 | Build | Farm |
| 26:32 | Build | Farm |
| 26:34 | Build | Lumber Camp |
| 26:47 | Create | Villager (Male) |
| 26:48 | Create | Villager (Male) |
| 26:52 | Build | Farm |
| 26:55 | Build | Farm |
| 27:04 | Create | Cavalry Archer ×3 |
| 27:08 | Create | Villager (Male) |
| 27:32 | Build | House |
| 27:34 | Create | Villager (Male) |
| 27:34 | Create | Villager (Male) |
| 27:39 | Research | Horse Collar |
| 27:50 | Research | Husbandry |
| 27:56 | Create | Villager (Male) |
| 27:57 | Create | Villager (Male) |
| 27:57 | Create | Villager (Male) |
Match timeline
| 5:31 | black empire custom print · wall_segment Palisade Wall x3 |
| 5:44 | black empire custom print · wall_segment Palisade Wall x1 |
| 5:47 | black empire custom print · wall_segment Palisade Wall x1 |
| 5:58 | black empire custom print · wall_segment Palisade Wall x5 |
| 6:02 | black empire custom print · wall_segment Palisade Wall x1 |
| 6:03 | black empire custom print · wall_segment Palisade Wall x1 |
| 6:20 | 幾花丹色™ · wall_segment Palisade Wall x1 |
| 7:20 | 主打抽象 · first_building Dock |
| 8:28 | 主打抽象 · wall_segment Palisade Wall x9 |
| 8:39 | 主打抽象 · wall_segment Palisade Wall x2 |
| 9:46 | 胸毛在燃烧 · first_building Barracks |
| 10:06 | ARCHIE · first_building Barracks |
| 10:30 | 主打抽象 · wall_segment Palisade Wall x11 |
| 10:32 | 幾花丹色™ · first_building Barracks |
| 10:51 | black empire custom print · wall_segment Palisade Wall x7 |
| 11:15 | Elite Barbarian · wall_segment Palisade Wall x3 |
| 11:30 | 主打抽象 · first_building Barracks |
| 11:34 | 胸毛在燃烧 · age_up feudal |
| 11:35 | 素素村长 · first_building Barracks |
| 11:37 | 胸毛在燃烧 · first_building Stable |
| 11:42 | black empire custom print · wall_segment Palisade Wall x1 |
| 11:43 | 大围村夫 · wall_segment Palisade Wall x3 |
| 11:43 | black empire custom print · wall_segment Palisade Wall x1 |
| 11:44 | 大围村夫 · wall_segment Palisade Wall x1 |
| 12:01 | Elite Barbarian · age_up feudal |
| 12:04 | black empire custom print · wall_segment Palisade Wall x4 |
| 12:10 | 幾花丹色™ · age_up feudal |
| 12:12 | 幾花丹色™ · first_building Archery Range |
| 12:19 | black empire custom print · first_building Barracks |
| 12:37 | 幾花丹色™ · wall_segment Palisade Wall x1 |
| 12:39 | 幾花丹色™ · wall_segment Palisade Wall x1 |
| 12:41 | 幾花丹色™ · wall_segment Palisade Wall x1 |
| 12:45 | 主打抽象 · wall_segment Palisade Wall x6 |
| 12:46 | ARCHIE · age_up feudal |
| 12:52 | 大围村夫 · first_building Barracks |
| 12:53 | 主打抽象 · wall_segment Palisade Wall x13 |
| 12:58 | 素素村长 · age_up feudal |
| 13:05 | 素素村长 · first_building Archery Range |
| 13:21 | 大围村夫 · wall_segment Palisade Wall x2 |
| 13:27 | 主打抽象 · wall_segment Palisade Wall x8 |
| 13:35 | 大围村夫 · age_up feudal |
| 13:36 | black empire custom print · age_up feudal |
| 13:40 | 幾花丹色™ · wall_segment Palisade Wall x1 |
| 13:41 | 幾花丹色™ · wall_segment Palisade Wall x1 |
| 13:42 | 主打抽象 · age_up feudal |
| 13:55 | 大围村夫 · first_building Stable |
| 13:56 | 主打抽象 · first_building Stable |
| 13:59 | 幾花丹色™ · wall_segment Palisade Wall x1 |
| 14:55 | 大围村夫 · wall_segment Palisade Wall x5 |
| 15:12 | 大围村夫 · wall_segment Palisade Wall x6 |
| 15:13 | Elite Barbarian · wall_segment Palisade Wall x4 |
| 15:14 | black empire custom print · wall_segment Palisade Wall x1 |
| 15:15 | 大围村夫 · wall_segment Palisade Wall x6 |
| 15:33 | 幾花丹色™ · wall_segment Palisade Wall x1 |
| 15:34 | 幾花丹色™ · wall_segment Palisade Wall x1 |
| 16:02 | 素素村长 · wall_segment Palisade Wall x1 |
| 16:09 | 素素村长 · wall_segment Palisade Wall x1 |
| 16:15 | 素素村长 · wall_segment Palisade Wall x1 |
| 16:34 | black empire custom print · first_building Archery Range |
| 16:45 | 大围村夫 · wall_segment Palisade Wall x9 |
| 16:47 | 素素村长 · wall_segment Palisade Wall x5 |
| 16:51 | 幾花丹色™ · wall_segment Palisade Wall x1 |
| 16:53 | 幾花丹色™ · wall_segment Palisade Wall x1 |
| 16:56 | 大围村夫 · wall_segment Palisade Wall x6 |
| 16:57 | 幾花丹色™ · wall_segment Palisade Wall x1 |
| 16:59 | 幾花丹色™ · wall_segment Palisade Wall x1 |
| 16:59 | Elite Barbarian · wall_segment Palisade Wall x1 |
| 17:12 | 幾花丹色™ · wall_segment Palisade Wall x1 |
| 17:14 | 素素村长 · age_up castle |
| 17:33 | Elite Barbarian · wall_segment Palisade Wall x11 |
| 17:33 | Elite Barbarian · wall_segment Palisade Wall x1 |
| 17:34 | 主打抽象 · age_up castle |
| 17:42 | ARCHIE · wall_segment Palisade Wall x1 |
| 17:43 | ARCHIE · wall_segment Palisade Wall x1 |
| 17:45 | ARCHIE · wall_segment Palisade Wall x3 |
| 17:46 | ARCHIE · wall_segment Palisade Wall x1 |
| 17:46 | ARCHIE · wall_segment Palisade Wall x1 |
| 17:47 | ARCHIE · wall_segment Palisade Wall x1 |
| 17:48 | Elite Barbarian · wall_segment Palisade Wall x2 |
| 18:11 | 大围村夫 · age_up castle |
| 18:12 | Elite Barbarian · wall_segment Palisade Wall x4 |
| 18:18 | 幾花丹色™ · wall_segment Palisade Wall x1 |
| 18:21 | Elite Barbarian · wall_segment Palisade Wall x7 |
| 18:24 | Elite Barbarian · wall_segment Palisade Wall x1 |
| 18:29 | Elite Barbarian · wall_segment Palisade Wall x6 |
| 19:10 | 大围村夫 · first_building Castle |
| 19:23 | black empire custom print · wall_segment Palisade Wall x1 |
| 19:26 | black empire custom print · wall_segment Palisade Wall x1 |
| 19:45 | 素素村长 · first_building Monastery |
| 19:47 | 素素村长 · wall_segment Palisade Wall x2 |
| 19:55 | 主打抽象 · first_building Monastery |
| 20:11 | 大围村夫 · first_building Monastery |
| 20:19 | black empire custom print · wall_segment Palisade Wall x1 |
| 20:48 | Elite Barbarian · first_market_buy 100 food |
| 20:50 | 主打抽象 · first_building Castle |
| 21:28 | black empire custom print · wall_segment Palisade Wall x1 |
| 21:31 | 幾花丹色™ · wall_segment Palisade Wall x1 |
| 21:33 | Elite Barbarian · first_building Barracks |
| 21:34 | 素素村长 · first_building Stable |
| 22:00 | ARCHIE · first_market_buy 100 food |
| 22:01 | ARCHIE · first_market_sell 100 wood |
| 22:41 | Elite Barbarian · wall_segment Palisade Wall x1 |
| 22:44 | Elite Barbarian · first_building Stable |
| 23:01 | 胸毛在燃烧 · age_up castle |
| 24:04 | 幾花丹色™ · wall_segment Palisade Wall x1 |
| 24:05 | Elite Barbarian · age_up castle |
| 24:06 | 幾花丹色™ · wall_segment Palisade Wall x1 |
| 24:07 | 幾花丹色™ · wall_segment Palisade Wall x1 |
| 24:09 | 幾花丹色™ · wall_segment Palisade Wall x1 |
| 25:02 | ARCHIE · age_up castle |
| 25:20 | 胸毛在燃烧 · wall_segment Stone Wall x1 |
| 25:28 | Elite Barbarian · first_market_sell 100 wood |
| 26:53 | black empire custom print · wall_segment Palisade Wall x1 |
| 26:56 | 幾花丹色™ · wall_segment Palisade Wall x1 |
| 26:57 | 幾花丹色™ · wall_segment Palisade Wall x1 |
| 27:01 | black empire custom print · wall_segment Palisade Wall x1 |
| 27:08 | black empire custom print · wall_segment Palisade Wall x1 |
| 27:23 | black empire custom print · wall_segment Palisade Wall x1 |
| 27:24 | black empire custom print · wall_segment Palisade Wall x1 |
| 28:08 | 幾花丹色™ · first_market_buy 100 wood |
| 28:20 | 主打抽象 · wall_segment Palisade Wall x1 |
| 28:22 | 胸毛在燃烧 · first_market_buy 100 stone |
| 28:22 | black empire custom print · wall_segment Palisade Wall x1 |
| 28:24 | 主打抽象 · wall_segment Stone Wall x1 |
| 28:27 | 主打抽象 · wall_segment Stone Wall x1 |
| 28:32 | 主打抽象 · wall_segment Stone Wall x1 |
| 28:43 | 主打抽象 · wall_segment Stone Wall x1 |
| 28:46 | 主打抽象 · wall_segment Stone Wall x1 |
| 29:16 | black empire custom print · wall_segment Palisade Wall x1 |
| 29:32 | ARCHIE · first_building Monastery |
| 31:59 | ARCHIE · first_building Siege Workshop |
| 32:00 | 素素村长 · first_building Castle |
| 32:07 | 大围村夫 · first_building Siege Workshop |
| 32:23 | 大围村夫 · first_market_sell 100 food |
| 32:27 | Elite Barbarian · wall_segment Palisade Wall x1 |
| 32:34 | Elite Barbarian · wall_segment Palisade Wall x1 |
| 34:17 | 主打抽象 · first_market_buy 100 wood |
| 34:21 | Elite Barbarian · first_building Monastery |
| 34:53 | 素素村长 · first_building Siege Workshop |
| 35:35 | 大围村夫 · age_up imperial |
| 35:57 | 幾花丹色™ · wall_segment Palisade Wall x8 |
| 36:40 | 主打抽象 · wall_segment Stone Wall x1 |
| 37:23 | Elite Barbarian · first_building Castle |
| 37:54 | 素素村长 · age_up imperial |
| 38:30 | Elite Barbarian · age_up imperial |
| 38:42 | Elite Barbarian · resign |
[ AI ANALYSIS · 1 CREDIT ]
What really happened in this match?
Wolo.gg analyzes every decision: build order, eco, micro, common mistakes by bracket. Personalized analysis on WhatsApp or Discord in 30 seconds.
Civ guide
Slavs
Perfil
Jugador #19973099